 Dungeon Crawl Stone Soup version 0.16-a0-3062-g2c62648 (webtiles) character file.

953 bullock the Conjurer (level 8, -7/46 HPs)
             Began as an Octopode Wizard on Dec 10, 2014.
             Mangled by a goliath beetle (30 damage)
             ... on level 6 of the Dungeon.
             The game lasted 00:14:13 (5087 turns).

bullock the Conjurer (Octopode Wizard)              Turns: 5087, Time: 00:14:13

Health: -7/46      AC:  1    Str: 11    XL:     8   Next: 14%
Magic:  14/29      EV: 12    Int: 22    God:
Gold:   234        SH:  0    Dex: 10    Spells: 5 memorised, 6 levels left

rFire  . . .     SeeInvis .     w - +5 hand axe of Conformity {chop, Str+3}
rCold  . . .     Clarity  .     (no shield)
rNeg   . . .     SustAb   .     b - +0 hat
rPois  .         Gourm    +     a - amulet of the gourmand
rElec  .         Spirit   .     s - +1 ring of strength
rCorr  .         Warding  .     x - ring of magical power
rMut   .         Stasis   .     (no ring)
MR     .....                    (no ring)
Stlth  ++++......               (no ring)
                                (no ring)
                                (no ring)
                                (no ring)

@: very slightly contaminated, repel missiles, not resistant to hostile
enchantments, stealthy
A: almost no armour, amphibious, 8 rings, constrict 8, camouflage 1, gelatinous
body 1
a: no special abilities


You were on level 6 of the Dungeon.
You were hungry.

You visited 1 branch of the dungeon, and saw 6 of its levels.

You collected 338 gold pieces.
You spent 104 gold pieces at shops.

Inventory:

Hand weapons
 w - the +5 hand axe of Conformity (weapon) {chop, Str+3}
   (You found it on level 4 of the Dungeon)

   It inflicts extra damage upon your enemies.
   It affects your strength (+3).
Armour
 b - a +0 hat (worn)
Jewellery
 a - an amulet of the gourmand (around mantle)
 s - a +1 ring of strength (left tentacle)
 x - a ring of magical power (right tentacle)
Magical devices
 k - a wand of teleportation (4)
 q - a wand of enslavement (13)
Scrolls
 e - a scroll of fear {unknown}
 h - a scroll of immolation {unknown}
 m - 2 scrolls of teleportation {unknown}
 n - 4 scrolls of remove curse
 p - 2 scrolls of fog {unknown}
 y - a scroll of enchant armour {unknown}
 A - a scroll of enchant weapon {unknown}
 B - a scroll of magic mapping {unknown}
 E - 2 scrolls of random uselessness {unknown}
 G - a scroll of blinking {unknown}
Potions
 f - 2 potions of magic
 g - 3 potions of haste
 i - a potion of might {unknown}
 l - 3 potions of curing
 o - a potion of beneficial mutation {unknown}
 r - 2 potions of heal wounds
 t - 2 potions of resistance {unknown}
 z - a potion of restore abilities {unknown}
 C - a potion of degeneration {unknown}
 D - a potion of lignification {unknown}
Books
 c - a book of Minor Magic

   Spells                             Type                      Level
   a - Magic Dart                     Conjuration                  1
   b - Blink                          Translocation                2
   c - Call Imp                       Summoning                    2
   d - Repel Missiles                 Charms/Air                   2
   e - Slow                           Hexes                        2
   f - Conjure Flame                  Conjuration/Fire             3
   g - Mephitic Cloud                 Conjuration/Poison/Air       3
Comestibles
 d - 4 bread rations
 j - 2 beef jerkies
 u - 4 meat rations
 v - a royal jelly


   Skills:
 - Level 2.0 Dodging
 - Level 4.1 Stealth
 + Level 5.4 Spellcasting
 * Level 7.3 Conjurations
   Level 1.0 Summonings
 - Level 1.0 Translocations


You had 6 spell levels left.
You knew the following spells:

 Your Spells              Type           Power        Failure   Level  Hunger
a - Magic Dart            Conj           ####         1%          1    None
f - Conjure Flame         Conj/Fire      ###.....     8%          3    ##.....
q - Blink                 Tloc           N/A          12%         2    None
r - Mephitic Cloud        Conj/Pois/Air  ###.....     12%         3    ##.....
v - Repel Missiles        Chrm/Air       #.....       17%         2    None


Dungeon Overview and Level Annotations

Branches:
Dungeon (6/15)
 Temple: D:4-7

Altars:
Ashenzari
Fedhas
Makhleb
Ru

Shops:
D:6 *


Innate Abilities, Weirdness & Mutations

You cannot wear most types of armour.
You are amphibious.
You can wear up to eight rings at the same time.
You can use your tentacles to constrict many enemies at once.
Your skin changes colour to match your surroundings (Stealth).
Your rubbery body absorbs attacks (AC +1).


Message History

Press: ? - help, Shift-Dir - straight line, f/p - goliath beetle
Aim: a goliath beetle (flame, moderately wounded)
The magic dart hits the goliath beetle.
The goliath beetle is moderately wounded.
Casting: Magic Dart
Confirm with . or Enter, or press ? or * to list all spells.
Aiming: Magic Dart
Press: ? - help, Shift-Dir - straight line, f/p - goliath beetle
Aim: a goliath beetle (flame, moderately wounded)
The magic dart hits the goliath beetle.
The goliath beetle is heavily wounded.
The goliath beetle is engulfed in roaring flames.
The goliath beetle bites you!!
Ouch! That really hurt!
You slash the goliath beetle! Your grab misses the goliath beetle.
The goliath beetle is severely wounded.
The goliath beetle is engulfed in roaring flames.
The goliath beetle bites you!!
Ouch! That really hurt!
You die...

####### #######.....######
#.....#.....#.....
#.....#.....#..... ..#
#.....'.....#..... #.#
#.....#.....#..... #.#
#.....#.....'.....
########.######'####.....#####.
..............B@..#####.....###+
..............#.......#.....#...
..............'.......+.....+...
...............##..##.<#.....#+##
...........∩....#..##..#.........
###+####'##.....#..+..###........
..........+.....+...#..#..#......
..........#.....#..###...###.....
#..###....#......#..#..#..#..#...


You could see a goliath beetle.

Vanquished Creatures
  Grinder (D:5)
  Prince Ribbit (D:6)
  A giant frog (D:6)
  2 scorpions
  A crimson imp (D:5)
  3 orc priests
  A giant frog skeleton (D:5)
  2 worker ants
  A centaur skeleton (D:6)
  An orc wizard (D:3)
  Jessica (D:2)
  7 adders
  3 worms
  An adder skeleton (D:6)
  An adder zombie (D:6)
  2 giant geckos
  8 orcs
  5 bats
  A bat skeleton (D:6)
  9 giant cockroaches
  10 hobgoblins
  6 jackals
  10 kobolds
  A ball python (D:2)
  A giant gecko skeleton (D:4)
  4 giant newts
  A giant spore (D:6)
  10 goblins
  4 rats
  3 ballistomycetes (D:6)
102 creatures vanquished.

Notes
Turn   | Place    | Note
--------------------------------------------------------------
     0 | D:1      | bullock, the Octopode Wizard, began the quest for the Orb.
     0 | D:1      | Reached XP level 1. HP: 11/11 MP: 4/4
   260 | D:1      | Reached XP level 2. HP: 13/17 MP: 0/6
   327 | D:1      | Learned a level 2 spell: Blink
   330 | D:1      | Learned a level 2 spell: Repel Missiles
   909 | D:2      | Reached XP level 3. HP: 9/21 MP: 0/8
  1121 | D:2      | Noticed Jessica
  1125 | D:2      | Killed Jessica
  1406 | D:2      | Reached XP level 4. HP: 27/27 MP: 1/9
  1899 | D:2      | Reached skill level 4 in Stealth
  2486 | D:3      | Reached XP level 5. HP: 31/31 MP: 3/11
  2496 | D:3      | Learned a level 3 spell: Mephitic Cloud
  2500 | D:3      | Learned a level 3 spell: Conjure Flame
  3199 | D:4      | Reached XP level 6. HP: 17/36 MP: 0/15
  3374 | D:4      | Got a transparent hand axe
  3375 | D:4      | Identified the +5 hand axe of Conformity {chop, Str+3} (You found it on level 4 of the Dungeon)
  3828 | D:4      | Reached skill level 5 in Conjurations
  3915 | D:5      | Entered Level 5 of the Dungeon
  3915 | D:5      | Found a blossoming altar of Fedhas.
  4126 | D:5      | Found a shattered altar of Ashenzari.
  4257 | D:5      | Reached XP level 7. HP: 37/41 MP: 17/17
  4278 | D:5      | Noticed Grinder
  4278 | D:5      | Paralysed by Grinder for 6 turns
  4294 | D:5      | Paralysed by Grinder for 3 turns
  4297 | D:5      | Killed Grinder
  4297 | D:5      | Reached skill level 6 in Conjurations
  4474 | D:5      | Found a burning altar of Makhleb.
  4521 | D:6      | Noticed Prince Ribbit
  4528 | D:6      | Killed Prince Ribbit
  4528 | D:6      | Reached skill level 5 in Spellcasting
  4538 | D:6      | Found Plog's Assorted Antiques.
  4544 | D:6      | Bought a scroll labeled BYOHERCHY STERGH for 26 gold pieces
  4544 | D:6      | Bought a scroll labeled OHEYLLAUWE for 26 gold pieces
  4544 | D:6      | Bought a scroll labeled POTAVY SHEERYU for 26 gold pieces
  4544 | D:6      | Bought a scroll labeled DUMETOLUEN for 26 gold pieces
  4706 | D:6      | Found a sacrificial altar of Ru.
  4735 | D:6      | Reached skill level 7 in Conjurations
  4735 | D:6      | Reached XP level 8. HP: 35/46 MP: 20/20
  5087 | D:6      | Mangled by a goliath beetle

Action                   |  1- 3 |  4- 6 |  7- 9 || total
-------------------------+-------+-------+-------++-------
Melee: Unarmed           |    13 |       |       ||    13
       Spear             |     9 |     7 |       ||    16
       Hand axe          |       |    29 |    26 ||    55
 Cast: Magic Dart        |    75 |   120 |    42 ||   237
       Repel Missiles    |     1 |     1 |       ||     2
       Conjure Flame     |       |     3 |     2 ||     5
       Blink             |       |     1 |     2 ||     3
       Mephitic Cloud    |       |       |     1 ||     1
  Use: Scroll            |       |     6 |     1 ||     7
 Stab: Sleeping          |       |     4 |     2 ||     6
       Confused          |       |       |     1 ||     1
  Eat: Chunk             |     1 |     8 |     2 ||    11
       Pizza             |       |       |     1 ||     1
